Map: Tokamak LE

Players

LLCoolBeans - Winner!

  • Race: Zerg Zerg
  • League: Diamond
  • Spawn Location: 7:00

LigerMaNN

  • Race: Zerg Zerg
  • League: Diamond
  • Spawn Location: 1:00

VOD

Have the link to the VOD?

Description

Time

  • Played on: July 1, 2025, 12:09 a.m.
  • Length: 3:50
Show
View Real Time Build Order
Export as new Build Order

LLCoolBeans Zerg - Winner!

Build Orders: Hatch First 

Get SALT Encoding   

  12  0:01  Drone  
  13  0:13  Drone  
  14  0:16  Extractor  
  14  0:17  Drone  
  14  0:21  Extractor  
  14  0:23  Drone  
  15  0:47  Hatchery  
  14  1:03  Spawning Pool  
  13  1:08  Drone  
  14  1:23  Overlord  
  14  1:28  Overlord  
  14  1:35  Overlord  
  14  1:43  Overlord  
  14  1:50  Metabolic Boost  
  14  1:54  Zergling x2  
  14  1:57  Zergling x2  
  16  2:01  Zergling x2  
  16  2:07  Zergling x2  
  18  2:12  Zergling x2  
  19  2:21  Zergling x4  
  19  2:29  Zergling x2  
  19  2:34  Zergling x2  
  20  2:39  Zergling x2  
  20  2:43  Zergling x2  
  20  2:49  Zergling x2  
  21  2:52  Queen  
  21  2:54  Zergling x2  
  24  3:01  Zergling x2  
  26  3:05  Zergling x2  
  26  3:13  Zergling x2  
  26  3:14  Zergling x2  
  28  3:22  Zergling x2  
Show
View Real Time Build Order
Export as new Build Order

LigerMaNN Zerg 

Build Orders: Pool First 

Get SALT Encoding   

  12  0:01  Drone  
  13  0:21  Spawning Pool  
  13  0:26  Drone  
  13  0:30  Drone  
  13  0:34  Extractor  
  13  0:35  Drone  
  15  0:44  Overlord  
  15  1:09  Zergling x6  
  18  1:20  Zergling x2  
  18  1:23  Hatchery  
  18  1:31  Zergling x2  
  19  1:35  Queen  
  21  1:43  Overlord  
  21  1:53  Drone  
  22  2:05  Drone  
  23  2:11  Queen  
  26  2:15  Drone, Extractor  
  24  2:30  Drone  
  22  2:48  Drone x4  
  26  2:52  Drone  
  26  2:53  Drone  
  28  3:00  Drone  
  28  3:03  Overlord  
  29  3:16  Spine Crawler  
  29  3:19  Drone  
  29  3:20  Baneling Nest  
  29  3:25  Zergling x14  
Tags
 
Matchup
ZvZ
Race
Zerg
Replay Pack
June 2025
Spawn Locations
Cross Positions
Add a new tag
Caveats
  • Supply blocks, unpowered buildings, or Contaminate may cause inaccurate times.
  • Supply counts are checked every 10 seconds.